 Dungeon Crawl Stone Soup version 0.28-a0-578-g717728bcc0 (webtiles) character file.

Game seed: 7786825946713479622

31 Conn the Firebug (level 3, -1/20 (22) HPs)
             Began as an Octopode Fire Elementalist on Oct 2, 2021.
             Slain by a gnoll (3 damage)
             ... on level 1 of the Dungeon.
             The game lasted 00:01:21 (1068 turns).

Conn the Firebug (Octopode Fire Elementalist)       Turns: 1068, Time: 00:01:22

HP:   -1/20 (22)    AC:  1    Str:  7    XL:     3   Next: 22%
MP:   4/6           EV: 13    Int: 18    God:
Gold: 13            SH:  0    Dex: 12    Spells: 5/6 levels left

rFire   . . .      SeeInvis .   b - +0 dagger
rCold   . . .      Faith    .   (no shield)
rNeg    . . .      Spirit   .   (helmet restricted)
rPois   .          Reflect  .   (no amulet)
rElec   .          Harm     .   (no ring)
rCorr   .          Rampage  .   (no ring)
Will    .....                   (no ring)
Stlth   +++.......              (no ring)
HPRegen 0.06/turn               (no ring)
MPRegen 0.10/turn               (no ring)
                                (no ring)
                                (no ring)

@: drained
A: almost no armour, amphibious, 8 rings, camouflage 1, gelatinous body 1,
(nimble swimmer 1), tentacles
a: no special abilities


You were on level 1 of the Dungeon.
You visited 1 branch of the dungeon, and saw 1 of its levels.

You collected 13 gold pieces.

Inventory:

Hand Weapons
 b - a +0 dagger (weapon)


   Skills:
 + Level 0.3 Fighting
 + Level 0.1 Short Blades
 + Level 2.1 Dodging
 + Level 2.8 Stealth
 + Level 2.2 Spellcasting
 + Level 1.0 Conjurations
 + Level 3.8 Fire Magic


You had 5 spell levels left.
You knew the following spells:

 Your Spells              Type           Power      Damage    Failure   Level
a - Foxfire               Conj/Fire      40%        2x1d6     6%          1

Your spell library contained the following spells:

 Spells                   Type           Power      Damage    Failure   Level
 Scorch                   Fire           30%        2d6       5%          2
 Conjure Flame            Conj/Fire      10%        6-21      19%         3
 Inner Flame              Hex/Fire       8%         N/A       24%         3
 Flame Wave               Conj/Fire      10%        3d4       54%         4


Dungeon Overview and Level Annotations

Branches:
Dungeon (1/15)

Altars:


Innate Abilities, Weirdness & Mutations

You cannot wear most types of armour.
You are amphibious.
You can wear up to eight rings at the same time.
Your skin changes colour to match your surroundings (Stealth+).
Your rubbery body absorbs attacks. (AC +1, EV +1)
((You are camouflaged near water. (Stealth+)))
You have tentacles for arms and can constrict up to eight enemies at once.


Message History

You conjure some foxfire!
The foxfire hits the hobgoblin.
The hobgoblin is almost dead.
Unknown command.
You closely miss the hobgoblin. Your grab misses the hobgoblin.
You squeeze the hobgoblin.
You kill the hobgoblin!
Unknown command.
Your foxfire dissipates!
You open the door.
An endoplasm comes into view.
Found 13 stones.
There is an open door here.
The helpless endoplasm fails to defend itself.
You puncture the endoplasm!
You kill the endoplasm!
A gnoll comes into view. It is wielding a +0 whip of draining.
The helpless gnoll fails to defend itself.
You hit the gnoll. You grab the gnoll.
The gnoll is moderately wounded.
You constrict the gnoll. The gnoll closely misses you.
Casting: Foxfire (safe; 6% risk of failure)
Confirm with . or Enter, or press ? or * to list all spells.
You conjure some foxfire!
You constrict the gnoll.
The gnoll hits you with a +0 whip of draining!
You feel drained.
Unknown command.
You hit the gnoll but do no damage.
The gnoll is heavily wounded.
You constrict the gnoll.
The foxfire hits the gnoll.
The gnoll is severely wounded.
The foxfire hits the gnoll but does no damage.
The gnoll is severely wounded.
The gnoll closely misses you.
Casting: Foxfire (safe; 6% risk of failure)
Confirm with . or Enter, or press ? or * to list all spells.
You conjure some foxfire!
You constrict the gnoll.
The gnoll hits you with a +0 whip of draining!
* * * LOW HITPOINT WARNING * * *
You feel drained.
You die...

............).......+
.......#............#
.......#............###
.......#........#.....#+##.
.......####.....+..........
.......# #.#####..........
(......####.#######'##.....
...............v....# ....
.#####.##......v@#..# ...
.## ##.......g##.# ...
#...(....##.# .##
........##.# .#
##.......... ## #########.#
..


You could see a gnoll (ally target).

Vanquished Creatures
  A gnoll (D:1)
  A bat (D:1)
  2 endoplasms (D:1)
  A goblin (D:1)
  2 hobgoblins (D:1)
  6 jackals (D:1)
  2 quokkas (D:1)
  A frilled lizard (D:1)
  A rat (D:1)
17 creatures vanquished.

Vanquished Creatures (others)
  51 foxfires (D:1)
51 creatures vanquished.

Grand Total: 68 creatures vanquished

Notes
Turn   | Place    | Note
-------+----------+-------------------------------------------
     0 | D:1      | Conn the Octopode Fire Elementalist began the quest for the
                  | Orb.
     0 | D:1      | Reached XP level 1. HP: 11/11 MP: 3/3
   337 | D:1      | Reached XP level 2. HP: 17/17 MP: 0/5
   918 | D:1      | Reached XP level 3. HP: 11/21 MP: 2/6
  1068 | D:1      | Slain by a gnoll

Illustrated notes

Levels and vault maps discovered:
D:1:      ncdulo_wetmaze, layout_basic

Action                   || total
-------------------------++-------
Melee: Unarmed           ||     6
       Constrict         ||     5
       Tentacles         ||     2
       Dagger            ||    48
 Cast: Foxfire           ||    33
  Use: Potion            ||     1
 Stab: Sleeping          ||     2
Armor: Skin              ||    50
Dodge: Dodged            ||    24

Table legend: (Time is in decaauts)
 A = Elapsed time spent in this place.
 B = Non-inter-level travel time spent in this place.
 C = Inter-level travel time spent in this place.
 D = Time resting spent in this place.
 E = Time spent auto-exploring this place.
 F = Levels seen in this place.
 G = Mean time per level.
                   A        B        C        D        E       F      G
               +--------+--------+--------+--------+--------+-----+--------+
         Total |   1067 |   1067 |      0 |      0 |    868 |   1 | 1067.0 |
       Dungeon |   1067 |   1067 |      0 |      0 |    868 |   1 | 1067.0 |
               +--------+--------+--------+--------+--------+-----+--------+

Top non-repeatable levels by time:
     D:1: 1067 daAuts
